 Dungeon Crawl Stone Soup version 0.17.0-28-g6e173f8 (webtiles) character file.

37 rutigerpupkin the Skirmisher (level 3, -5/24 HPs)
             Began as a Gargoyle Fighter on Nov 22, 2015.
             Slain by a gnoll
             ... wielding a +0 halberd
              (12 damage)
             ... on level 2 of the Dungeon.
             The game lasted 00:04:02 (1351 turns).

rutigerpupkin the Skirmisher (Gargoyle Fighter)     Turns: 1351, Time: 00:04:03

Health: -5/24      AC:  8    Str: 20    XL:     3   Next: 41%
Magic:  3/3        EV:  8    Int:  8    God:
Gold:   98         SH:  9    Dex:  9    Spells: 0 memorised, 2 levels left

rFire  . . .     SeeInvis .     a - +0 flail
rCold  . . .     Clarity  .     k - +0 ring mail (curse)
rNeg   + . .     SustAt   .     c - +0 shield
rPois  ∞         Gourm    .     (no helmet)
rElec  +         Spirit   .     (no cloak)
rCorr  .         Warding  .     (no gloves)
rMut   .         Stasis   .     (no boots)
MR     .....                    (no amulet)
Stlth  ..........               (no ring)
                                (no ring)

@: not resistant to hostile enchantments, extremely unstealthy
A: negative energy resistance 1, electricity resistance, unbreathing,
petrification resistance, rot immunity, AC +3
a: no special abilities


You were on level 2 of the Dungeon.
You were hungry.

You visited 1 branch of the dungeon, and saw 2 of its levels.

You collected 98 gold pieces.

Inventory:

Hand Weapons
 a - a +0 flail (weapon)
Missiles
 n - 5 needles of frenzy
 p - 5 poisoned needles
Armour
 b - a +0 scale mail
 c - a +0 shield (worn)
 k - a cursed +0 ring mail (worn)
Scrolls
 f - 2 scrolls of fog {unknown}
 g - a scroll of blinking {unknown}
 h - 2 scrolls of identify {unknown}
 l - 2 scrolls of remove curse {unknown}
 m - a scroll of enchant armour {unknown}
 r - a scroll of magic mapping {unknown}
 s - a scroll of fear {unknown}
 t - a scroll of enchant weapon {unknown}
Potions
 d - a potion of might
 o - a potion of lignification {unknown}
 q - a potion of degeneration {unknown}
Comestibles
 e - 3 bread rations
 i - a chunk of flesh
 j - a beef jerky


   Skills:
 + Level 4.1 Fighting
 + Level 3.0 Maces & Flails
 - Level 3.2 Armour
 - Level 3.2 Shields


You had 2 spell levels left.
You didn't know any spells.

Dungeon Overview and Level Annotations

Branches:
Dungeon (2/15)

Altars:
Elyvilon
Qazlal


Innate Abilities, Weirdness & Mutations

You are resistant to torment.
Your stone body is resilient (AC +3).
You are immune to poison.
You resist negative energy.
You are resistant to electric shocks.
You can survive without breathing.
You are immune to petrification.
You are immune to rotting.


Message History

You block the giant newt's attack. The gnoll hits you but does no damage.
You are feeling hungry.
You barely miss the gnoll.
The gnoll is heavily wounded.
You block the giant newt's attack. The gnoll barely misses you.
The giant newt bites you but does no damage.
You closely miss the gnoll.
The gnoll is heavily wounded.
You block the gnoll's attack. The giant newt barely misses you.
Some of the chunks of flesh in your inventory have rotted away.
You barely miss the gnoll.
The gnoll is heavily wounded.
You block the giant newt's attack. The gnoll hits you with a halberd.
* * * LOW HITPOINT WARNING * * *
You hit the gnoll.
The gnoll is heavily wounded.
The giant newt bites you but does no damage.
The gnoll hits you with a halberd!
Ouch! That really hurt!
You die...

#### ######.## ≈§≈§≈§. ...#
#.......# ≈≈§≈≈≈§ ##.##
#######.###.#.# §≈§≈≈≈.
....#
#.........#.#.#######§§§≈≈.
#...#
#.....###.#.........##§≈≈≈.
#.g#.##...÷.#
#....#.......##≈≈≈. ..##
.#.....###..#..........####'
#g.#
#........lg##########......
#.#.# ##########@# #......
..### #.# #....#. ### #.#
#....#. ..# #.# #....#. #.#
#.# ##...... #.# #.#
#.....## . . #.# #....### #
## ..# ####..#.... ###
........###


You could see a gnoll and a giant newt.

Vanquished Creatures
  A gnoll (D:1)
  An ooze (D:1)
  4 bats (D:1)
  A giant cockroach (D:2)
  5 hobgoblins
  3 giant newts (D:1)
  3 goblins (D:1)
  A kobold (D:1)
  4 rats
23 creatures vanquished.

Notes
Turn   | Place    | Note
--------------------------------------------------------------
     0 | D:1      | rutigerpupkin the Gargoyle Fighter began the quest for the Orb.
     0 | D:1      | Reached XP level 1. HP: 14/14 MP: 1/1
   205 | D:1      | Reached XP level 2. HP: 13/19 MP: 2/2
   578 | D:1      | Reached XP level 3. HP: 21/24 MP: 3/3
   926 | D:1      | Reached skill level 4 in Fighting
  1106 | D:2      | Found a stormy altar of Qazlal.
  1169 | D:2      | Found a white marble altar of Elyvilon.
  1351 | D:2      | Slain by a gnoll

Action                   || total
-------------------------++-------
Melee: Flail             ||    90
  Eat: Chunk             ||     1
